 Dungeon Crawl Stone Soup version 0.28-a0-533-g9f97627e2a (webtiles) character file.

Game seed: 3512054909107695023

186 Gargoyl the Skirmisher (level 5, -1/47 HPs)
             Began as a Gnoll Abyssal Knight on Sept 26, 2021.
             Was a Believer of Lugonu.
             Slain by a water moccasin (7 damage)
             ... in a sewer.
             The game lasted 00:03:29 (3250 turns).

Gargoyl the Skirmisher (Gnoll Abyssal Knight)       Turns: 3250, Time: 00:03:30

Health: -1/47      AC:  9    Str: 13    XL:     5   Next: 66%
Magic:  8/8        EV:  6    Int: 10    God:    Lugonu [**....]
Gold:   96         SH:  0    Dex: 12    Spells: 7/7 levels left

rFire   . . .      SeeInvis .   a - +1 hand axe (chaos)
rCold   . . .      Faith    .   (no shield)
rNeg    . . .      Spirit   .   g - +0 chain mail
rPois   .          Reflect  .   (no helmet)
rElec   .          Harm     .   (no cloak)
rCorr   .          Rampage  .   (no gloves)
Will    .....                   (no boots)
Stlth   ..........              (no amulet)
HPRegen 0.15/turn               (no ring)
MPRegen 0.11/turn               (no ring)

@: lethally poisoned (-1 -> -28)
A: fangs 1, strong nose, distributed training
a: Renounce Religion, Depart the Abyss, Bend Space


You were in a sewer.
You worshipped Lugonu.
Lugonu was pleased with you.
You visited 1 branch of the dungeon, and saw 4 of its levels.
You visited the Abyss 1 time.
You also visited: Sewer.

You collected 96 gold pieces.

Inventory:

Hand Weapons
 a - a +1 hand axe of chaos (weapon)
Missiles
 b - 35 poisoned darts (quivered)
Armour
 g - a +0 chain mail (worn)
Scrolls
 f - a scroll of torment
 i - a scroll of identify
 j - 2 scrolls of brand weapon


   Skills:
 + Level 6.7 Fighting
 + Level 1.6 Short Blades
 + Level 1.6 Long Blades
 + Level 4.8 Axes
 + Level 1.6 Maces & Flails
 + Level 1.6 Polearms
 + Level 1.6 Staves
 + Level 1.6 Slings
 + Level 1.6 Bows
 + Level 1.6 Crossbows
 + Level 1.6 Throwing
 + Level 4.8 Armour
 + Level 3.0 Dodging
 + Level 1.6 Stealth
 + Level 1.6 Shields
 + Level 1.6 Unarmed Combat
 + Level 1.6 Spellcasting
 + Level 1.2 Conjurations
 + Level 1.2 Hexes
 + Level 1.2 Summonings
 + Level 1.2 Necromancy
 + Level 1.2 Translocations
 + Level 1.2 Transmutations
 + Level 1.2 Fire Magic
 + Level 1.2 Ice Magic
 + Level 1.2 Air Magic
 + Level 1.2 Earth Magic
 + Level 1.2 Poison Magic
 + Level 4.9 Invocations
 + Level 1.6 Evocations


You had 7 spell levels left.
You didn't know any spells.
Your spell library contained the following spells:

 Spells                   Type           Power      Damage    Failure   Level
 Ozocubu's Armour         Ice            3%         N/A       100%        3
 Metabolic Englaciation   Hex/Ice        1%         N/A       100%        5
 Simulacrum               Ice/Necr       1%         N/A       100%        6


Dungeon Overview and Level Annotations

Branches:
Dungeon (4/15)              Sewer (1/1)
 Temple: D:4-7

Altars:
Fedhas
Vehumet
The Shining One


Innate Abilities, Weirdness & Mutations

You have very sharp teeth.
Your uncanny sense of smell can sniff out nearby items.
Your experience applies equally to all skills.


Message History

The water moccasin is moderately wounded.
The water moccasin bites you.
You are poisoned.
The water moccasin poisons you! The water moccasin bites you!
You are more poisoned.
The water moccasin poisons you!
Okay, then.
You hit the water moccasin.
The water moccasin is heavily wounded.
You feel extremely sick. The water moccasin bites you!
* * * LOW HITPOINT WARNING * * *
The water moccasin bites you.
* * * LOW HITPOINT WARNING * * *
The water moccasin closely misses you.
Okay, then.
You feel much better.
You feel very sick. The water moccasin barely misses you.
The water moccasin bites you.
You are more poisoned.
The water moccasin poisons you!
You hit the water moccasin. Your bite misses the water moccasin.
The water moccasin is severely wounded.
You feel extremely sick. The water moccasin barely misses you.
The water moccasin bites you!
You are more poisoned.
The water moccasin poisons you!
Your chain mail prevents you from hitting the water moccasin.
Your bite misses the water moccasin.
The water moccasin is severely wounded.
* * * LOW HITPOINT WARNING * * *
You feel extremely sick.
The water moccasin bites you but does no damage.
The water moccasin closely misses you.
You closely miss the water moccasin.
The water moccasin is severely wounded.
* * * LOW HITPOINT WARNING * * *
You feel extremely sick. The water moccasin bites you!
You die...

#..$?$..#
#.......#
#.......# .......
..... ... #S#
####### #@#
##....†## #.#
##...≈†..#
#.#######...≈≈≈...
#..........≈≈≈≈≈.∩
#.#######...≈≈≈...
#.# ##...≈...# #.#
##.....## #.#
####### #.#


You could see a water moccasin (berserk).

Vanquished Creatures
  2 river rats (D:4)
  3 adders
  3 worms
  A dart slug (D:3)
  An orc (D:3)
  8 ball pythons
  8 bats
  5 endoplasms
  3 giant cockroaches (D:2)
  A goblin (D:2)
  3 hobgoblins
  4 kobolds
  2 quokkas
  4 frilled lizards
  6 rats
54 creatures vanquished.

Vanquished Creatures (others)
  2 plants (D:3)
2 creatures vanquished.

Grand Total: 56 creatures vanquished

Notes
Turn   | Place    | Note
-------+----------+-------------------------------------------
     0 | Abyss:1  | Gargoyl the Gnoll Abyssal Knight began the quest for the
                  | Orb.
     0 | Abyss:1  | Reached XP level 1. HP: 23/23 MP: 3/3
    30 | Abyss:1  | Found an ancient bone altar of Kikubaaqudgha.
    84 | Abyss:1  | Noticed a hellion
    85 | D:1      | Escaped the Abyss
   183 | D:1      | Reached * piety under Lugonu
   184 | D:1      | Reached XP level 2. HP: 23/29 MP: 5/5
   337 | D:1      | You fall into a shaft and drop 1 floor!
   475 | D:2      | Found a faded altar of an unknown god.
   611 | D:2      | Reached XP level 3. HP: 35/35 MP: 6/6
  1559 | D:3      | Found a blossoming altar of Fedhas.
  1770 | D:3      | Reached skill level 1 in Short Blades
  1770 | D:3      | Reached skill level 1 in Long Blades
  1770 | D:3      | Reached skill level 1 in Maces & Flails
  1770 | D:3      | Reached skill level 1 in Polearms
  1770 | D:3      | Reached skill level 1 in Staves
  1770 | D:3      | Reached skill level 1 in Slings
  1770 | D:3      | Reached skill level 1 in Bows
  1770 | D:3      | Reached skill level 1 in Crossbows
  1770 | D:3      | Reached skill level 1 in Throwing
  1770 | D:3      | Reached skill level 1 in Stealth
  1770 | D:3      | Reached skill level 1 in Shields
  1770 | D:3      | Reached skill level 1 in Unarmed Combat
  1770 | D:3      | Reached skill level 1 in Spellcasting
  1770 | D:3      | Reached skill level 1 in Evocations
  2009 | D:3      | Reached XP level 4. HP: 38/41 MP: 7/7
  2142 | D:3      | Found a glowing golden altar of the Shining One.
  2660 | D:4      | Found a radiant altar of Vehumet.
  2765 | D:4      | Noticed a phantom
  2779 | D:4      | Reached ** piety under Lugonu
  2779 | D:4      | Banished a phantom
  2780 | D:4      | Reached skill level 1 in Conjurations
  2780 | D:4      | Reached skill level 1 in Hexes
  2780 | D:4      | Reached skill level 1 in Summonings
  2780 | D:4      | Reached skill level 1 in Necromancy
  2780 | D:4      | Reached skill level 1 in Translocations
  2780 | D:4      | Reached skill level 1 in Transmutations
  2780 | D:4      | Reached skill level 1 in Fire Magic
  2780 | D:4      | Reached skill level 1 in Ice Magic
  2780 | D:4      | Reached skill level 1 in Air Magic
  2780 | D:4      | Reached skill level 1 in Earth Magic
  2780 | D:4      | Reached skill level 1 in Poison Magic
  2780 | D:4      | Reached XP level 5. HP: 27/47 MP: 8/8
  2991 | D:4      | Found a glowing drain.
  3062 | Sewer    | Entered a sewer
  3236 | Sewer    | Noticed a water moccasin
  3250 | Sewer    | Slain by a water moccasin

Illustrated notes

Levels and vault maps discovered:
D:1:      wander_arrival_desolate, layout_rooms, corexii_leaking_fountain
D:2:      layout_basic, shapermc_ecumenical_altar_ellora
D:3:      layout_basic, nicolae_tso_carved_into_rock, fedhas_ov_isle_minmay
D:4:      layout_basic, vehumet_crystals, lemuel_coloured_pillars_altar,
          portal_sewer_entry_c
Sewer:    sewer_big_baddie

Skill      XL: |  1  2  3  4  5 |
---------------+----------------+-----
Short Blades   | 1 |  1.6
Long Blades    | 1 |  1.6
Maces & Flails | 1 |  1.6
Polearms       | 1 |  1.6
Staves         | 1 |  1.6
Slings         | 1 |  1.6
Bows           | 1 |  1.6
Crossbows      | 1 |  1.6
Throwing       | 1 |  1.6
Stealth        | 1 |  1.6
Shields        | 1 |  1.6
Unarmed Combat | 1 |  1.6
Spellcasting   | 1 |  1.6
Evocations     | 1 |  1.6
Conjurations   | 1 |  1.2
Hexes          | 1 |  1.2
Summonings     | 1 |  1.2
Necromancy     | 1 |  1.2
Translocations | 1 |  1.2
Transmutations | 1 |  1.2
Fire Magic     | 1 |  1.2
Ice Magic      | 1 |  1.2
Air Magic      | 1 |  1.2
Earth Magic    | 1 |  1.2
Poison Magic   | 1 |  1.2
Dodging        | 3 |  3.0
Fighting       | |  6.7
Axes           | |  4.8
Armour         | |  4.8
Invocations    | |  4.9

Action                   |  1- 3 |  4- 6 || total
-------------------------+-------+-------++-------
Melee: Hand axe          |    93 |    54 ||   147
       Bite              |     9 |     2 ||    11
Invok: Depart the Abyss  |     1 |       ||     1
  Use: Scroll            |     2 |     3 ||     5
       Potion            |     1 |     2 ||     3
 Stab: Confused          |     1 |       ||     1
Armor: Leather armour    |    11 |       ||    11
       Chain mail        |    38 |    58 ||    96
       Skin              |       |     1 ||     1
Dodge: Dodged            |    46 |    35 ||    81

Table legend: (Time is in decaauts)
 A = Elapsed time spent in this place.
 B = Non-inter-level travel time spent in this place.
 C = Inter-level travel time spent in this place.
 D = Time resting spent in this place.
 E = Time spent auto-exploring this place.
 F = Levels seen in this place.
 G = Mean time per level.
                   A        B        C        D        E       F      G
               +--------+--------+--------+--------+--------+-----+--------+
         Total |   3262 |   3251 |     11 |    321 |   2418 |   6 |  543.7 |
       Dungeon |   2988 |   2977 |     11 |    298 |   2211 |   4 |  747.0 |
         Abyss |     85 |     85 |      0 |     23 |     52 |   1 |   85.0 |
         Sewer |    188 |    188 |      0 |      0 |    155 |   1 |  188.0 |
               +--------+--------+--------+--------+--------+-----+--------+

Top non-repeatable levels by time:
     D:2: 1217 daAuts
     D:3: 929 daAuts
     D:4: 588 daAuts
     D:1: 253 daAuts
   Sewer: 188 daAuts
 Abyss:1: 85 daAuts
